 Dungeon Crawl Stone Soup version 0.23.1 (webtiles) character file.

Game seed: 4549445881079595662

19798 Monsterracer the Basher (level 12, -3/145 HPs)
             Began as a Demonspawn Gladiator on Mar 10, 2019.
             Was a High Priest of Makhleb.
             Slain by a wolf spider simulacrum (30 damage)
             ... in an ice cave.
             The game lasted 00:19:30 (13111 turns).

Monsterracer the Basher (Demonspawn Gladiator)     Turns: 13111, Time: 00:19:31

Health: -3/145     AC: 25    Str: 27    XL:     12   Next: 39%
Magic:  19/19      EV: 10    Int: 10    God:    Makhleb [*****.]
Gold:   721        SH:  0    Dex: 20    Spells: 11/11 levels left

rFire    . . .     SeeInvis +   v - +2 dire flail (protect)
rCold    . . .     Gourm    .   (shield currently unavailable)
rNeg     . . .     Faith    .   t - +0 chain mail
rPois    +         Spirit   .   (helmet restricted)
rElec    .         Reflect  .   U - +1 cloak of Light {-Cast MR+ Dex+4 SInv}
rCorr    .         Harm     .   V - +0 pair of gloves (curse)
MR       +....     NoCast   +   E - +0 pair of boots
Stlth    ..........             (no amulet)
HPRegen  1.34/turn              k - +4 ring of strength
MPRegen  0.16/turn              P - ring of poison resistance

@: berserking, protection aura, very quick
A: horns 2, slimy green scales 2, foul stench 1, powered by death 2, rot
immunity
a: Minor Destruction, Lesser Servant of Makhleb, Major Destruction, Greater
Servant of Makhleb, Renounce Religion


You were in an ice cave.
You worshipped Makhleb.
Makhleb was extremely pleased with you.
You were not hungry.

You visited 3 branches of the dungeon, and saw 17 of its levels.
You also visited: Ossuary, Gauntlet and Ice Cave.

You collected 721 gold pieces.


Innate Abilities, Weirdness & Mutations

You have a pair of horns on your head.
You are mostly covered in slimy green scales. (AC +3)
You may emit foul miasma when damaged in melee.
You regenerate health from kills.
You are immune to rotting.


   Skills:
 + Level 9.8 Fighting
   Level 6.5(9.9) Axes
 * Level 11.5(12.1) Maces & Flails
 - Level 1.7 Throwing
 + Level 7.5 Armour
 - Level 2.6 Dodging
 + Level 9.5 Invocations
 + Level 4.0 Evocations


You had 11 spell levels left.
You didn't know any spells.
Your spell library contained the following spells:

 Spells                   Type           Power        Failure   Level  Hunger
 Sandblast                Erth           #.....       88%         1    ##.....
 Passwall                 Tmut/Erth      #.......     96%         2    ###....
 Stone Arrow              Conj/Erth      #.....       99%         3    ####...
 Petrify                  Tmut/Erth      #.......     100%        4    #####..
 Lee's Rapid Deconstruct  Erth           #.........   100%        5    ######.

Inventory:

Hand Weapons
 v - a +2 dire flail of protection (weapon)
   (You took it off Edmund on level 4 of the Dungeon)
Armour
 t - a +0 chain mail (worn)
   (You found it on level 4 of the Dungeon)
 E - a +0 pair of boots (worn)
   (You found it on level 7 of the Dungeon)
 H - a scarf of cloud immunity
   (You found it on level 8 of the Dungeon)
 U - the +1 cloak of Light (worn) {-Cast MR+ Dex+4 SInv}
   (You found it in a Gauntlet)

   It affects your dexterity (+4).
   It affects your resistance to hostile enchantments.
   It lets you see invisible.
   It prevents spellcasting.
 V - a cursed +0 pair of gloves (worn)
   (You found it on level 4 of the Lair of Beasts)
Jewellery
 k - a +4 ring of strength (left hand)
   (You found it on level 1 of the Dungeon)
 O - an uncursed ring of flight {unknown}
   (You found it on level 9 of the Dungeon)
 P - a ring of poison resistance (right hand)
   (You found it on level 4 of the Dungeon)
 R - a cursed ring of teleportation {unknown}
   (You found it on level 9 of the Dungeon)
Wands
 d - a wand of flame (24)
   (You found it on level 8 of the Dungeon)
 Q - a wand of acid (18)
   (You found it on level 9 of the Dungeon)
 S - a wand of digging (10)
   (You found it on level 9 of the Dungeon)
 T - a wand of iceblast (6)
   (You found it on level 2 of the Lair of Beasts)
 W - a wand of scattershot (3)
   (You found it in a Gauntlet)
Scrolls
 f - 3 scrolls of noise {unknown}
 i - 7 scrolls of remove curse {unknown}
 j - 11 scrolls of teleportation {unknown}
 l - 20 scrolls of identify {unknown}
 n - 8 scrolls of amnesia {unknown}
 o - 2 scrolls of random uselessness {unknown}
 p - 2 scrolls of immolation {unknown}
 q - 5 scrolls of fear {unknown}
 s - 2 scrolls of blinking {unknown}
 w - 2 scrolls of enchant weapon {unknown}
 A - a scroll of silence {unknown}
 C - 6 scrolls of magic mapping {unknown}
 K - a scroll of enchant armour {unknown}
 L - a scroll of vulnerability {unknown}
 M - a scroll of torment {unknown}
Potions
 b - 2 potions of magic {unknown}
 e - 4 potions of haste {unknown}
 g - 3 potions of flight {unknown}
 h - 6 potions of degeneration {unknown}
 m - a potion of invisibility {unknown}
 r - 4 potions of heal wounds {unknown}
 u - a potion of ambrosia {unknown}
 x - 3 potions of agility {unknown}
 z - 4 potions of cancellation {unknown}
 B - 5 potions of curing {unknown}
 F - 3 potions of lignification {unknown}
 I - a potion of mutation {!q}
 J - 3 potions of might {unknown}
Comestibles
 c - 25 rations

Dungeon Overview and Level Annotations

Branches:
Dungeon (10/15)            Temple (1/1) D:7            Lair (6/6) D:8
  Swamp (0/4) Lair:4        Slime (0/5) Lair:5
  Snake: Lair:2-4    Spider: Lair:2-4       Orc: D:9-12

Altars:
Ashenzari
Cheibriados
Dithmenos
Elyvilon
Fedhas
Gozag
Hepliaklqana
Kikubaaqudgha
Makhleb
Nemelex Xobeh
Okawaru
Qazlal
Ru
Sif Muna
Trog
Uskayaw
Vehumet
Wu Jian
Xom
Yredelemnul
Zin
The Shining One

Shops:
D:3 *   D:6 }   D:7 }

Annotations:
D:10 2 runed translucent doors, Curus's ghost, novice GrBe
Lair:3 exclusion: oklob plant

#### ##..##
##
##....##..##
#....Z.....#
#.∩.@Z°.....
#.......##..
##....###
##..## ####


You could see a death yak simulacrum and a wolf spider simulacrum.


Message History

Unknown command.
You now have 721 gold pieces (gained 28).
You hear the crackling of a melting archway.
Drop what? 50/52 slots (_ for help) (? for menu, Esc to quit)
You drop a +0 war axe.
You drop a jewelled helmet.
You drop an encrusted halberd.
You drop a glowing hand axe.
Drop what? 46/52 slots (_ for help) (? for menu, Esc to quit)
Okay, then.
There is a frozen archway here.
You start resting.
All of the chunks of flesh in your inventory have rotted away.
You hear the crackling of a melting archway.
You regained 11 hp, and now have 69/97 hp.
You start resting.
You hear the steady crackling of a melting archway.
You regained 13 hp, and now have 82/97 hp.
Wear which item? (? for menu, Esc to quit)
Okay, then.
You start resting.
You hear the steady crackling of a melting archway.
You regained 13 hp, and now have 95/97 hp.
The world spins around you as you enter the gateway.
You enter an ice cave! 4 simulacra come into view.
Found an ice covered gate leading back out of this place.
There is an ice choked empty arch of ancient stone here.
There are monsters nearby!
Evoke which item? (* to show all) (? for menu, Esc to quit)
Okay, then.
Evoke which item? (* to show all) (? for menu, Esc to quit)
Okay, then.
There are monsters nearby!
Evoke which item? (* to show all) (? for menu, Esc to quit)
Aiming: Throw Flame
Press: ? - help, Shift-Dir - straight line, f - polar bear simulacrum
Aim: a polar bear simulacrum The puff of flame hits the polar bear simulacrum!
The polar bear simulacrum melts!
The polar bear simulacrum is severely damaged.
Evoke which item? (* to show all) (? for menu, Esc to quit)
Aiming: Throw Flame
Press: ? - help, Shift-Dir - straight line, f/p - polar bear simulacrum
Aim: a polar bear simulacrum (severely damaged)
The puff of flame hits the polar bear simulacrum.
The polar bear simulacrum melts!
The polar bear simulacrum is severely damaged.
Evoke which item? (* to show all) (? for menu, Esc to quit)
Aiming: Throw Flame
Press: ? - help, Shift-Dir - straight line, f/p - polar bear simulacrum
Aim: a polar bear simulacrum (severely damaged)
The puff of flame misses the polar bear simulacrum.
Health restored: 97 Evoke which item? (* to show all) (? for menu, Esc to quit)
Aiming: Scattershot
Press: ? - help, Shift-Dir - straight line, f/p - polar bear simulacrum
Aim: a polar bear simulacrum (severely damaged)
The burst of metal fragments hits the wolf simulacrum! x2
The wolf simulacrum vapourises!
Makhleb accepts your kill.
The burst of metal fragments hits the polar bear simulacrum.
The polar bear simulacrum vapourises!
Makhleb accepts your kill.
Your chain mail prevents you from hitting the wolf spider simulacrum.
The wolf spider simulacrum hits you!
The wolf spider simulacrum freezes you!!
The wolf spider simulacrum bites you but does no damage.
You take 44 damage, and have 53/97 hp.
MASSIVE DAMAGE!!
You completely miss the wolf spider simulacrum.
You headbutt the wolf spider simulacrum!
The wolf spider simulacrum is moderately damaged.
The death yak simulacrum gores you!
* * * LOW HITPOINT WARNING * * *
The death yak simulacrum freezes you!!
* * * LOW HITPOINT WARNING * * *
The wolf spider simulacrum hits you but does no damage.
The wolf spider simulacrum bites you but does no damage.
You take 36 damage, and have 17/97 hp.
MASSIVE DAMAGE!!
Evoke which item? (* to show all) (? for menu, Esc to quit)
Okay, then.
Unknown command.
Unknown command.
You hit the wolf spider simulacrum.
Your weapon exudes an aura of protection.
The wolf spider simulacrum is moderately damaged.
The wolf spider simulacrum hits you but does no damage.
The wolf spider simulacrum barely misses you.
The death yak simulacrum closely misses you.
You regained 2 hp, and now have 19/97 hp.
Evoke which item? (* to show all) (? for menu, Esc to quit)
Okay, then. (m)acro, (M)acro raw, keymap [(k) default, (x) level-map, (t)argeting, (c)onfirm, m(e)nu], (s)ave?
Aborting.
A red film seems to cover your vision as you go berserk!
You feel yourself moving faster!
You feel mighty! The wolf spider simulacrum hits you.
* * * LOW HITPOINT WARNING * * *
The wolf spider simulacrum freezes you!!
You die...

Skill      XL: |  1  2  3  4  5  6  7  8  9 10 11 12 |
---------------+-------------------------------------+-----
Axes           | 3 4 5 6 |  6.5
Fighting       | 3 4 5 6 7 8 9 |  9.8
Maces & Flails | 3 6 7 9 11 | 11.5
Armour         | 2 4 5 7 |  7.5
Invocations    | 4 6 8 9 |  9.5
Evocations     | 2 4 |  4.0
Throwing       | |  1.7
Dodging        | |  2.6

Action                   |  1- 3 |  4- 6 |  7- 9 | 10-12 || total
-------------------------+-------+-------+-------+-------++-------
Melee: War axe           |   126 |   122 |    17 |       ||   265
       Headbutt          |     4 |    21 |    80 |   155 ||   260
       Dire flail        |       |       |   321 |   671 ||   992
Throw: Throwing net      |     1 |       |     2 |       ||     3
Invok: Minor Destruction |       |       |       |     7 ||     7
       Lesser Servant of |       |       |       |     2 ||     2
Evoke: Wand              |       |       |       |     4 ||     4
  Use: Potion            |       |       |       |     1 ||     1
  Eat: Chunk             |     4 |     6 |    12 |    19 ||    41
       Ration            |       |       |       |     2 ||     2
Armor: Leather armour    |     7 |       |       |       ||     7
       Ring mail         |    31 |    18 |       |       ||    49
       Chain mail        |       |    36 |   228 |   424 ||   688
Dodge: Dodged            |    79 |    59 |   140 |   263 ||   541

Levels and vault maps discovered:
D:1:      scummos_arrival_checkerplants, layout_loops_ring,
          minmay_misc_feat_tower
D:2:      layout_basic, minmay_misc_feat_square
D:3:      layout_basic, nicolae_gozag_zags_fifth_avenue
D:4:      layout_basic
D:5:      layout_gridville, serial_glass, glass_columns_b, glass_columns_b,
          glass_columns_c, glass_columns_b, first_ration, elyvilon_altar_4,
          uniq_edmund
D:6:      layout_cave_pods, lemuel_doored_altar, serial_shops, shop,
          xom_confusion_cloud, uniq_grinder
D:7:      layout_basic, minmay_temple_entry_stoned_glass, serial_shops, shop,
          minmay_circle_x, uniq_duvessa
D:8:      layout_rooms, grunt_lair_entry_orc_guard_hut,
          nicolae_ossuary_entry_plus, hangedman_little_slice_of_home,
          uniq_maurice
D:9:      layout_layer_cave
D:10:     layout_irregular_city, ebering_ghost_disaster_area
Temple:   grunt_wide_crystal_templ
Lair:1:   layout_small_grid, gammafunk_ghost_arena,
          nicolae_lair_grove_arrangements
Lair:2:   layout_loops_ring, special_room [special_room_bee],
          infiniplex_staircase_pool
Lair:3:   layout_chaotic_city
Lair:4:   layout_gridlike, swamp_mist_pool, minmay_snake_entry_guardpost_small,
          gauntlet_entry_generic
Lair:5:   layout_regular_city, slime_dummy, bh_autumn_forest_stairs,
          grunt_megastairs_4, uniq_kirke
Lair:6:   cheibrodos_lair_end_hotspot, layout_regular_city,
          portal_ice_cave_rime, minivault_29
Ossuary:  ossuary_boxes_badplayer
IceCv:    ice_cave_small_necro
Gauntlet: gammafunk_gauntlet_one_two_three [gammafunk_gauntlet_arena_chambers,
          gammafunk_gauntlet_arena_grid, nicolae_gauntlet_swirl,
          nicolae_gauntlet_arena_t_cross, gammafunk_gauntlet_arena_spirals,
          nicolae_gauntlet_arena_quarters, nicolae_gauntlet_arena_flowing_pool,
          minmay_gauntlet_arena_make_your_own_arena,
          gammafunk_gauntlet_arena_split_diamond, gauntlet_exit_green]

Notes
Turn   | Place    | Note
-------+----------+-------------------------------------------
     0 | D:1      | Monsterracer the Demonspawn Gladiator began the quest for
                  | the Orb.
     0 | D:1      | Reached XP level 1. HP: 16/16 MP: 1/1
    28 | D:1      | HP: 7/16 [frilled lizard (2)]
   327 | D:1      | Gained mutation: You are immune to rotting. [demonic
                  | ancestry]
   327 | D:1      | Reached XP level 2. HP: 13/23 MP: 2/2
  1293 | D:2      | HP: 9/23 [worm (4)]
  1306 | D:2      | HP: 8/23 [worm (2)]
  1311 | D:2      | Gained mutation: You have a pair of small horns on your
                  | head. [demonic ancestry]
  1311 | D:2      | Reached XP level 3. HP: 10/28 MP: 3/3
  2232 | D:2      | Gained mutation: You regenerate a little health from kills.
                  | [demonic ancestry]
  2232 | D:2      | Reached XP level 4. HP: 27/35 MP: 4/4
  2542 | D:3      | Found an opulent altar of Gozag.
  2546 | D:3      | Found Gozag's Platinum Reserve.
  2965 | D:3      | HP: 16/35 [orc/+2 mace of holy wrath (6)]
  2973 | D:3      | Gained mutation: You regenerate health from kills. [demonic
                  | ancestry]
  2973 | D:3      | Reached XP level 5. HP: 20/41 MP: 5/5
  3455 | D:4      | Noticed a centaur
  3464 | D:4      | Killed a centaur
  3464 | D:4      | Reached skill level 5 in Axes
  3464 | D:4      | Reached XP level 6. HP: 40/48 MP: 6/6
  3549 | D:4      | HP: 20/48 [iguana (11)]
  3549 | D:4      | HP: 9/48 [iguana (11)]
  3561 | D:4      | HP: 9/48 [phantom (1)]
  3942 | D:4      | HP: 24/49 [gnoll/+0 whip (4)]
  4001 | D:4      | Gained mutation: You are partially covered in slimy green
                  | scales. (AC +2) [demonic ancestry]
  4001 | D:4      | Reached XP level 7. HP: 45/55 MP: 7/7
  4080 | D:5      | Entered Level 5 of the Dungeon
  4161 | D:5      | Noticed Edmund
  4179 | D:4      | HP: 22/55 [Edmund/+2 dire flail of protection (14)]
  4187 | D:4      | HP: 21/55 [Edmund/+2 dire flail of protection (2)]
  4198 | D:4      | HP: 9/55 [Edmund/+2 dire flail of protection (12)]
  4206 | D:4      | Killed Edmund
  4206 | D:4      | Reached skill level 5 in Fighting
  4623 | D:5      | Found a white marble altar of Elyvilon.
  4662 | D:5      | Reached skill level 1 in Maces & Flails
  5333 | D:6      | Found a sacrificial altar of Ru.
  5426 | D:6      | Noticed Grinder
  5439 | D:6      | Killed Grinder
  5439 | D:6      | Reached skill level 3 in Maces & Flails
  5572 | D:6      | Gained mutation: You have a pair of horns on your head.
                  | [demonic ancestry]
  5572 | D:6      | Reached XP level 8. HP: 62/62 MP: 8/8
  5647 | D:6      | Got a smoking dagger
  5770 | D:6      | Reached skill level 4 in Maces & Flails
  5829 | D:6      | Found a shimmering altar of Xom.
  5874 | D:6      | Reached skill level 1 in Armour
  5891 | D:6      | Reached skill level 5 in Maces & Flails
  6074 | D:6      | Found Afyr's Gadget Emporium.
  6570 | D:7      | Reached skill level 6 in Maces & Flails
  6582 | D:7      | Reached XP level 9. HP: 48/69 MP: 9/9
  6612 | D:7      | Found a staircase to the Ecumenical Temple.
  6674 | D:7      | Noticed Duvessa
  6674 | D:7      | Noticed Dowan
  6697 | D:7      | Killed Duvessa
  6704 | D:7      | Killed Dowan
  6752 | Temple   | Entered the Ecumenical Temple
  6807 | Temple   | Became a worshipper of Makhleb the Destroyer
  7066 | D:7      | Found Lewnas's Gadget Shoppe.
  7350 | D:7      | HP: 33/71 [orc warrior/+0 dire flail (13)]
  7354 | D:7      | Reached skill level 1 in Invocations
  7359 | D:7      | HP: 13/71 [orc warrior/+0 dire flail (9)]
  7364 | D:7      | HP: 11/71 [wight/cursed +3 falchion (3)]
  7463 | D:8      | Reached skill level 7 in Maces & Flails
  7552 | D:8      | HP: 35/71 [orc warrior/+0 glaive (9)]
  7555 | D:8      | HP: 12/71 [orc warrior/+0 glaive (10)]
  7593 | D:8      | Reached * piety under Makhleb
  7649 | D:8      | Noticed Maurice
  7689 | D:8      | Gained mutation: You are mostly covered in slimy green
                  | scales. (AC +3) [demonic ancestry]
  7689 | D:8      | Reached XP level 10. HP: 76/79 MP: 0/13
  7693 | D:8      | Paralysed by something for 6 turns
  7707 | D:8      | Paralysed by something for 7 turns
  7726 | D:8      | Paralysed by Maurice for 3 turns
  7735 | D:8      | Paralysed by Maurice for 7 turns
  7751 | D:8      | Reached skill level 8 in Maces & Flails
  7827 | D:8      | Killed Maurice
  7847 | D:8      | Found a sand-covered staircase.
  7868 | Ossuary  | Entered an ossuary
  7913 | Ossuary  | Noticed Menkaure
  7939 | Ossuary  | HP: 37/79 [Menkaure/nerve-wracking pain (9)]
  7943 | Ossuary  | HP: 14/79 [Menkaure (6)]
  7946 | Ossuary  | Killed Menkaure
  7948 | Ossuary  | HP: 16/79 [mummy (6)]
  7995 | Ossuary  | Reached skill level 5 in Invocations
  8054 | Ossuary  | Reached ** piety under Makhleb
  8354 | D:8      | Got a jewelled helmet
  8390 | D:8      | Found a staircase to the Lair.
  8396 | D:8      | Reached skill level 5 in Armour
  8620 | D:8      | Paralysed by an orc for 3 turns
  8684 | D:9      | Reached *** piety under Makhleb
  8774 | D:9      | Noticed a two-headed ogre
  8819 | D:9      | Killed a two-headed ogre
  8819 | D:9      | Reached skill level 9 in Maces & Flails
  9813 | D:10     | Entered Level 10 of the Dungeon
  9944 | D:10     | Found a large runed translucent door.
  9944 | D:10     | Found a large runed translucent door.
  9954 | D:10     | Gained mutation: You may emit foul miasma when damaged in
                  | melee. [demonic ancestry]
  9954 | D:10     | Reached XP level 11. HP: 69/87 MP: 16/16
 10012 | D:10     | Noticed Curus's ghost (novice GrBe)
 10137 | D:10     | Reached **** piety under Makhleb
 10623 | Lair:1   | Entered Level 1 of the Lair of Beasts
 10633 | Lair:1   | Noticed a six-headed hydra
 10642 | Lair:1   | Killed a six-headed hydra
 10642 | Lair:1   | Reached skill level 10 in Maces & Flails
 10806 | Lair:2   | Reached skill level 1 in Evocations
 11111 | Lair:4   | Noticed a four-headed hydra
 11138 | Lair:3   | Noticed an oklob plant
 11240 | Lair:4   | Killed a four-headed hydra
 11292 | Lair:4   | Found a staircase to the Swamp.
 11409 | Lair:4   | Reached skill level 11 in Maces & Flails
 11409 | Lair:4   | Reached XP level 12. HP: 81/96 MP: 18/18
 11418 | Lair:4   | Found a gate leading to a gauntlet.
 11429 | Gauntlet | Entered a Gauntlet
 11429 | Gauntlet | Found a transporter.
 11458 | Gauntlet | Found a transporter.
 11473 | Gauntlet | Found a transporter.
 11475 | Gauntlet | Found a large runed translucent door.
 11475 | Gauntlet | Found a large runed translucent door.
 11476 | Gauntlet | Found a large runed translucent door.
 11476 | Gauntlet | Found a large runed translucent door.
 11477 | Gauntlet | Found a large runed translucent door.
 11477 | Gauntlet | Found a large runed translucent door.
 11477 | Gauntlet | Found a runed translucent door.
 11477 | Gauntlet | Found a runed translucent door.
 11477 | Gauntlet | Found a large runed translucent door.
 11478 | Gauntlet | Found a transporter.
 11493 | Gauntlet | Found a transporter.
 11508 | Gauntlet | Found a large runed translucent door.
 11509 | Gauntlet | Found a large runed translucent door.
 11510 | Gauntlet | Found a large runed translucent door.
 11510 | Gauntlet | Found a large runed translucent door.
 11511 | Gauntlet | Found a runed translucent gate.
 11512 | Gauntlet | Found the ring of Robustness {AC+8}
 11512 | Gauntlet | Found a transporter.
 11512 | Gauntlet | Found a runed translucent gate.
 11513 | Gauntlet | Found a runed translucent gate.
 11514 | Gauntlet | Found a large runed translucent door.
 11514 | Gauntlet | Found a large runed translucent door.
 11515 | Gauntlet | Found a large runed translucent door.
 11516 | Gauntlet | Found a large runed translucent door.
 11524 | Gauntlet | Found a transporter.
 11526 | Gauntlet | Noticed a death yak
 11527 | Gauntlet | Noticed a death yak
 11527 | Gauntlet | Noticed a death yak
 11534 | Gauntlet | Noticed a dire elephant
 11536 | Gauntlet | Found a transporter.
 11544 | Gauntlet | Noticed a death ooze
 11545 | Gauntlet | Found a transporter.
 11560 | Gauntlet | Found a transporter.
 11561 | Gauntlet | Noticed a death ooze
 11577 | Gauntlet | Found a transporter.
 11594 | Gauntlet | Found a transporter.
 11596 | Gauntlet | Found a transporter.
 11623 | Gauntlet | Found a transporter.
 11625 | Gauntlet | Found a transporter.
 11626 | Gauntlet | Found a transporter.
 11653 | Gauntlet | Found a transporter.
 11655 | Gauntlet | Found a transporter.
 11692 | Gauntlet | Reached ***** piety under Makhleb
 11889 | Gauntlet | Got a fine cloak
 11911 | Gauntlet | Identified the +1 cloak of Light {-Cast MR+ Dex+4 SInv}
                  | (You found it in a Gauntlet)
 12069 | Gauntlet | Noticed a minotaur
 12082 | Gauntlet | HP: 47/96 [minotaur (14)]
 12084 | Gauntlet | Killed a minotaur
 12092 | Gauntlet | Got an encrusted halberd
 12352 | Lair:5   | Found a staircase to the Slime Pits.
 12736 | Lair:6   | Entered Level 6 of the Lair of Beasts
 12744 | Lair:6   | HP: 46/97 [black mamba (6)]
 12749 | Lair:6   | HP: 42/97 [poisoned by a black mamba]
 12754 | Lair:6   | HP: 45/97 [poisoned by a black mamba]
 12759 | Lair:6   | HP: 41/97 [poisoned by a black mamba]
 12906 | Lair:6   | Found a frozen archway.
 12910 | Lair:6   | HP: 48/97 [rime drake/flash freeze (16)]
 13103 | IceCv    | Entered an ice cave
 13109 | IceCv    | HP: 40/97 [death yak simulacrum (15)]
 13109 | IceCv    | HP: 17/97 [death yak simulacrum (23)]
 13111 | IceCv    | Slain by a wolf spider simulacrum

Vanquished Creatures
  A minotaur (Gauntlet)
  2 hydras (Lair:1 Lair:4)
  A two-headed ogre (D:9)
  Maurice (D:8)
  2 black mambas (Lair:4 Lair:6)
  4 spiny frogs (Lair:1 Lair:2 Lair:4)
  3 centaur skeletons (D:10)
  2 rime drakes (Lair:6)
  3 komodo dragons (Lair:2 Lair:3 Lair:6)
  An ice devil (Gauntlet)
  2 trolls (D:9 D:10)
  Grinder (D:6)
  A raiju (shapeshifter) (Gauntlet)
  A slime creature (Gauntlet)
  3 hippogriffs (D:8 Lair:2 Lair:4)
  A dream sheep (Lair:4)
  A hippogriff (shapeshifter) (Gauntlet)
  A wyvern (Lair:3)
  15 yaks (D:9 Lair:1 Lair:4 Lair:3 Lair:6)
  A tarantella (shapeshifter) (Gauntlet)
  2 steam dragons (D:9)
  Menkaure (Ossuary)
  A hungry ghost (D:8)
  Edmund (D:4)
  3 nagas (Lair:4)
  2 water moccasins (D:7 Lair:4)
  Duvessa (D:7)
  12 porcupines (D:8 Lair:2 Lair:3 Lair:4 Lair:5)
  2 black bears (D:8)
  4 orc warriors (D:6 D:7 D:8)
  An ice beast (D:7)
  2 phantoms (D:4 D:10)
  An eye of draining (D:8)
  10 wolves (Lair:5)
  3 centaurs (D:4 D:8 D:10)
  6 ogres (D:4 D:6 D:7 D:8 D:9)
  2 crocodiles (Lair:2 Lair:5)
  A big kobold (D:10)
  6 bullfrogs (D:9 Lair:1 Lair:3 Lair:4)
  2 gnoll sergeants (D:6 D:10)
  Dowan (D:7)
  A scorpion (D:6)
  A wyvern zombie (D:7)
  A wyvern skeleton (D:8)
  6 killer bees (D:8)
  5 wights (D:7 D:8)
  An electric eel (Lair:4)
  4 crimson imps (D:8 D:9)
  3 centaur zombies (Ossuary)
  A quasit (D:9)
  A human zombie (Ossuary)
  3 bullfrog skeletons (D:4 D:6)
  3 orc priests (D:3 D:7 D:8)
  3 bullfrog zombies (D:8 D:9 D:10)
  6 hounds (D:7 D:8 D:10)
  12 orc wizards (D:3 D:4 D:6 D:8 D:10)
  4 jellies (D:6 D:8)
  5 iguanas (D:4 D:5 D:7 D:8 D:10)
  A polar bear simulacrum (IceCv)
  6 worker ants (D:5 D:6 D:8)
  A wolf simulacrum (IceCv)
  2 ogre zombies (Ossuary)
  A hound zombie (D:8)
  2 hound skeletons (D:10)
  6 mummies (Ossuary)
  4 worker ant zombies (D:5 D:7 D:9)
  9 gnolls (D:4 D:10)
  11 adders (D:2 D:3 D:4 D:5 D:6)
  4 shadow imps (D:6 D:7 D:8 D:9)
  2 white imps (Gauntlet)
  5 oozes (D:8)
  5 adder zombies (D:5 D:6 Ossuary)
  An adder skeleton (D:5)
  4 worms (D:2 D:4)
  A dart slug (D:2)
  7 leopard geckos (D:2 D:3 D:4 D:5 D:7)
  30 orcs (D:2 D:3 D:4 D:5 D:6)
  3 ball pythons (D:1 D:4)
  2 bats (D:1 D:2)
  5 giant cockroaches (D:2 D:5 D:7 D:8)
  11 goblins (D:1 D:2)
  4 hobgoblins (D:1 D:2)
  7 quokkas (D:2 D:3 D:4 D:5 D:9)
  8 frilled lizards (D:1 D:2 D:5)
  A gnoll zombie (Ossuary)
  3 goblin zombies (Ossuary)
  3 hobgoblin zombies (Ossuary)
  14 kobolds (D:1 D:2 D:3 D:10)
  7 kobold zombies (Ossuary)
  An orc zombie (Ossuary)
  4 quokka zombies (Ossuary)
  8 rats (D:1 D:2)
  2 rat zombies (Ossuary)
356 creatures vanquished.

Vanquished Creatures (others)
  A centaur (D:6)
  An adder (D:6)
  5 fungi (D:8)
7 creatures vanquished.

Grand Total: 363 creatures vanquished

Table legend:
 A = Turns spent in this place as a percentage of turns spent in the entire game.
 B = Non-inter-level travel turns spent in this place as a percentage of non-inter-level travel turns spent in the entire game.
 C = Inter-level travel turns spent in this place as a percentage of turns spent in this place.
 D = Turns resting spent in this place as a percentage of non-inter-level travel turns spent in this place.
 E = Turns spent auto-exploring this place as a percentage of non-inter-level travel turns spent in this place.
 F = Non-inter-level travel turns spent in this place divided by the number of levels of this place that you've seen.
                   A       B       C       D       E      F
               +-------+-------+-------+-------+-------+----------------------
         Total | 100.0 | 100.0 |   3.1 |   7.5 |  67.0 | 635.1
       Dungeon |  76.8 |  76.7 |   3.2 |   2.3 |  76.9 | 974.4
        Temple |   1.0 |   0.9 |  10.2 |   0.0 |  92.1 | 114.0
          Lair |  13.1 |  13.0 |   4.1 |  30.1 |  22.4 | 275.5
       Ossuary |   3.3 |   3.4 |   0.0 |   0.0 |  59.5 | 427.0
      Ice Cave |   0.1 |   0.1 |   0.0 |   0.0 |   0.0 |   8.0
      Gauntlet |   5.8 |   6.0 |   0.0 |  30.3 |  37.6 | 756.0
               +-------+-------+-------+-------+-------+----------------------

Table legend:
 A = Non-vault XP
 B = Vault XP
 C = Vault XP percentage of total XP
 D = Non-vault monster count
 E = Vault monster count
 F = Vault count percentage of total count
                 A         B        C        D         E       F
            +---------+---------+-------+---------+---------+-------
      Total |   21243 |    7041 |  24.9 |     272 |      84 |  23.6
            +---------+---------+-------+---------+---------+-------
        D:1 |      26 |       0 |   0.0 |      19 |       0 |   0.0
        D:2 |      73 |       0 |   0.0 |      31 |       0 |   0.0
        D:3 |     131 |       0 |   0.0 |      12 |       0 |   0.0
        D:4 |     542 |     171 |  24.0 |      18 |       1 |   5.3
        D:5 |     158 |       0 |   0.0 |      14 |       0 |   0.0
        D:6 |     518 |     444 |  46.2 |      15 |       7 |  31.8
        D:7 |     744 |     551 |  42.5 |      17 |       6 |  26.1
        D:8 |    2255 |    1345 |  37.4 |      43 |      14 |  24.6
        D:9 |    3279 |       0 |   0.0 |      24 |       0 |   0.0
       D:10 |    1930 |       0 |   0.0 |      30 |       0 |   0.0
     Lair:1 |    2168 |       0 |   0.0 |       6 |       0 |   0.0
     Lair:2 |    1938 |       0 |   0.0 |       8 |       0 |   0.0
     Lair:3 |    1790 |       0 |   0.0 |      10 |       0 |   0.0
     Lair:4 |    3247 |     476 |  12.8 |      12 |       3 |  20.0
     Lair:5 |     946 |     611 |  39.2 |       8 |       5 |  38.5
     Lair:6 |    1236 |     758 |  38.0 |       4 |       2 |  33.3
    Ossuary |       0 |     548 | 100.0 |       0 |      37 | 100.0
      IceCv |       0 |      64 | 100.0 |       0 |       2 | 100.0
   Gauntlet |     262 |    2073 |  88.8 |       1 |       7 |  87.5
            +---------+---------+-------+---------+---------+-------
